 Dungeon Crawl Stone Soup version 0.29-a0-322-g68df515428 (webtiles) character file.

Game seed: 8024145001917392274

11109 sammy202020 the Fighter (level 11, -1/142 HPs)
             Began as a Demonspawn Berserker on Apr 5, 2022.
             Was an Elder of Trog.
             Slain by a wyvern (9 damage)
             ... on level 11 of the Dungeon.
             The game lasted 00:17:14 (12355 turns).

sammy202020 the Fighter (Demonspawn Berserker)     Turns: 12355, Time: 00:17:15

Health: -1/142     AC: 18    Str: 20    XL:     11   Next: 45%
Magic:  0/11       EV:  3    Int: 11    God:    Trog [****..]
Gold:   25         SH:  0    Dex: 12    Spells: 10/10 levels left

rFire   + . .      SeeInvis .   x - +1 hand axe (elec)
rCold   + . .      Faith    .   (no shield)
rNeg    . . .      Spirit   +   E - +2 gold dragon scales
rPois   +          Reflect  .   c - +0 helmet
rElec   .          Harm     .   s - +0 cloak
rCorr   .          Rampage  .   L - +1 pair of gloves {hurl}
Will    .....                   (boots unavailable)
Stlth   ..........              f - amulet of guardian spirit
HPRegen 0.33/turn               C - ring of poison resistance
MPRegen 0.24/turn               y - +4 ring of protection

@: berserking (expiring), corroded, very quick
A: hooves 3, molten scales 2, magic shield, magic regeneration
a: Renounce Religion, Berserk, Trog's Hand, Brothers in Arms


You were on level 11 of the Dungeon.
You worshipped Trog.
Trog was greatly pleased with you.
You visited 1 branch of the dungeon, and saw 11 of its levels.

You collected 1862 gold pieces.
You spent 1837 gold pieces at shops.

Inventory:

Hand Weapons
 i - a +0 hunting sling
 n - the +9 mace "Zoxaot" {vorpal, rF+}
   (You found it on level 3 of the Dungeon)

   It inflicts extra damage upon your enemies.
   rF:        It protects you from fire.
 x - a +1 hand axe of electrocution (weapon)
 z - a +2 demon whip of venom
Missiles
 a - 4 atropa-tipped darts
 q - a throwing net
 r - 45 poisoned darts (quivered)
 v - 8 boomerangs
 G - 2 javelins
 K - 4 datura-tipped darts
Armour
 c - a +0 helmet (worn)
 s - a +0 cloak (worn)
 E - +2 gold dragon scales (worn)
 L - a +1 pair of gloves of hurling (worn)
Jewellery
 f - an amulet of guardian spirit (around neck)
 t - a ring of fire
 y - a +4 ring of protection (right hand)
 B - a ring of positive energy
 C - a ring of poison resistance (left hand)
 I - an amulet of reflection
Wands
 o - a wand of iceblast (6)
 w - a wand of paralysis (7)
Scrolls
 j - a scroll of silence {unknown}
 l - 5 scrolls of teleportation
 D - a scroll of identify
 F - a scroll of magic mapping {unknown}
 H - a scroll of enchant weapon {unknown}
Potions
 b - a potion of resistance
 d - 6 potions of attraction
 e - 4 potions of degeneration
 g - 3 potions of brilliance
 h - 6 potions of curing
 k - 2 potions of invisibility
 m - 5 potions of heal wounds
 p - a potion of cancellation {unknown}
 A - 6 potions of might
 J - a potion of berserk rage {unknown}


   Skills:
 * Level 12.0 Fighting
 * Level 11.0 Axes
 + Level 7.7 Armour
 - Level 1.7 Dodging


You had 10 spell levels left.
You didn't know any spells.
Your spell library was empty.

Dungeon Overview and Level Annotations

Branches:
Dungeon (11/15)            Temple (0/1) D:5
   Lair: D:8-11         Orc: D:9-12

Altars:
Dithmenos
Elyvilon
Fedhas
Kikubaaqudgha
Makhleb
Nemelex Xobeh
Qazlal
Sif Muna
Trog
Uskayaw
Vehumet
Wu Jian

Shops:
D:5 (   D:6 =   D:7 [   D:11 *


Innate Abilities, Weirdness & Mutations

You have hooves in place of feet.
You are mostly covered in molten scales. (AC +3)
When hurt, damage is shared between your health and your magic reserves.
You regenerate magic rapidly.


Message History

You hit the acid dragon but do no damage.
The acid dragon spits acid at you. The splash of acid hits you.
* * * LOW HITPOINT WARNING * * *
The acid corrodes you!
You slash the acid dragon!
The acid dragon is moderately wounded.
You closely miss the acid dragon.
The acid dragon is moderately wounded.
A wyvern comes into view.
You closely miss the acid dragon. You kick the acid dragon!
The acid dragon is severely wounded.
The acid dragon bites you but does no damage.
The acid dragon completely misses you.
You closely miss the acid dragon.
The acid dragon is severely wounded.
The acid dragon bites you but does no damage.
The acid dragon claws you.
* * * LOW HITPOINT WARNING * * *
You hit the acid dragon but do no damage.
Your kick misses the acid dragon.
The acid dragon is severely wounded.
You hit the acid dragon but do no damage.
Lightning courses through the acid dragon!!
You kill the acid dragon!
Trog accepts your kill.
Your Fighting skill increases to level 12!
Unknown command.
You are too berserk!
You feel a strong urge to attack something.
You hit the wyvern but do no damage.
The wyvern bites you but does no damage.
You closely miss the wyvern. The wyvern bites you!
* * * LOW HITPOINT WARNING * * *
You hit the wyvern. Your kick misses the wyvern. You punch the wyvern.
The wyvern is moderately wounded.
You closely miss the wyvern.
The wyvern is moderately wounded.
The wyvern bites you!
You die...

#### ## ###.## ###
)#...## ..####...#...
### ##.#......... ##
#####.###.((.........
.###.##.#.......@l.....#
....###.........#####..#
#.....†....##.#.#
#######.####..### ###
####


You could see a wyvern.

Vanquished Creatures
  2 two-headed ogres (D:11)
  Amaemon (D:8)
  Pikel (D:8)
  A manticore (D:11)
  An orange demon (D:8)
  Maggie (D:8)
  Psyche (D:8)
  6 kobold demonologists
  A komodo dragon (D:11)
  A troll (D:11)
  Prince Ribbit (D:6)
  A hornet (D:8)
  2 wraiths
  6 wyverns
  3 yaks (D:8)
  A basilisk (D:11)
  A steam dragon (D:9)
  An acid dragon (D:11)
  A water moccasin (D:6)
  2 orc warriors
  A black bear (D:5)
  4 sky beasts
  A centaur (D:7)
  A phantom (D:6)
  A necrophage (D:8)
  4 kobold brigands
  6 bullfrogs
  9 killer bees
  8 howler monkeys
  2 hounds
  9 orc priests
  A gnoll shaman (D:5)
  3 jellies
  Natasha (thrice) (D:2)
  2 iguanas (D:5)
  9 orc wizards
  7 adders
  10 gnolls
  A white imp (D:7)
  An ufetubus (D:6)
  3 worms
  A dart slug (D:1)
  20 orcs
  5 endoplasms
  6 giant cockroaches
  5 hobgoblins
  5 jackals
  6 quokkas
  6 ball pythons
  2 bats
  10 frilled lizards
  12 goblins
  29 kobolds
  3 rats (D:1)
231 creatures vanquished.

Vanquished Creatures (others)
  A plant (D:1)
1 creature vanquished.

Grand Total: 232 creatures vanquished

Notes
Turn   | Place    | Note
-------+----------+-------------------------------------------
     0 | D:1      | sammy202020 the Demonspawn Berserker began the quest for
                  | the Orb.
     0 | D:1      | Reached XP level 1. HP: 18/18 MP: 1/1
   392 | D:1      | Gained mutation: You are partially covered in molten
                  | scales. (AC +2) [demonic ancestry]
   392 | D:1      | Reached XP level 2. HP: 19/24 MP: 2/2
   594 | D:1      | Found a faded altar of an unknown god.
   973 | D:1      | Gained mutation: You have large cloven feet. [demonic
                  | ancestry]
   973 | D:1      | Reached XP level 3. HP: 26/29 MP: 3/3
  1670 | D:2      | Noticed Natasha
  1678 | D:2      | Killed Natasha
  1678 | D:2      | Reached ** piety under Trog
  1895 | D:2      | Reached XP level 4. HP: 28/37 MP: 4/4
  2203 | D:2      | Reached skill level 4 in Fighting
  2265 | D:2      | Noticed Natasha
  2273 | D:2      | Killed Natasha
  2522 | D:2      | Noticed Natasha
  2529 | D:2      | Killed Natasha
  2530 | D:2      | Gained mutation: You are mostly covered in molten scales.
                  | (AC +3) [demonic ancestry]
  2530 | D:2      | Reached XP level 5. HP: 34/42 MP: 3/5
  2894 | D:3      | Identified the +9 mace "Zoxaot" {vorpal, rF+}
  3864 | D:4      | Found a shimmering blue altar of Sif Muna.
  3882 | D:4      | Gained mutation: You regenerate magic rapidly. [demonic
                  | ancestry]
  3882 | D:4      | Reached XP level 6. HP: 50/50 MP: 6/6
  3927 | D:4      | Found a sparkling altar of Nemelex Xobeh.
  4360 | D:5      | Entered Level 5 of the Dungeon
  4370 | D:5      | Found Dicyid's Antique Weapon Shop.
  4424 | D:5      | Found a blossoming altar of Fedhas.
  4474 | D:5      | Reached skill level 5 in Fighting
  4798 | D:5      | Found an ancient bone altar of Kikubaaqudgha.
  5101 | D:5      | Reached skill level 5 in Axes
  5101 | D:5      | Gained mutation: You have hoof-like feet. [demonic
                  | ancestry]
  5101 | D:5      | Reached XP level 7. HP: 41/56 MP: 4/7
  5285 | D:5      | Found a staircase to the Ecumenical Temple.
  5560 | D:6      | Noticed Prince Ribbit
  5571 | D:6      | Reached *** piety under Trog
  5578 | D:6      | Killed Prince Ribbit
  5579 | D:6      | Reached skill level 6 in Fighting
  5998 | D:6      | Gained mutation: You have hooves in place of feet. [demonic
                  | ancestry]
  5998 | D:6      | Reached XP level 8. HP: 50/65 MP: 5/8
  6021 | D:6      | Reached skill level 7 in Fighting
  6245 | D:6      | Found Tabraol's Jewellery Shop.
  6261 | D:6      | Bought a ring of poison resistance for 220 gold pieces
  6271 | D:6      | Identified a scroll of acquirement
  6271 | D:6      | Acquired 1211 gold pieces
  6340 | D:7      | Found a stormy altar of Qazlal.
  6822 | D:7      | Reached skill level 5 in Armour
  6920 | D:7      | Reached skill level 8 in Fighting
  6920 | D:7      | Reached XP level 9. HP: 74/74 MP: 9/9
  7171 | D:7      | Found Li Erlang's Dragon-Slaying Spoils.
  7381 | D:7      | Found an ornate altar of the Wu Jian Council.
  7422 | D:8      | Noticed Amaemon
  7422 | D:8      | Noticed an orange demon
  7442 | D:8      | Noticed Pikel
  7453 | D:8      | Killed Amaemon
  7454 | D:8      | Reached skill level 9 in Fighting
  7457 | D:8      | Killed Pikel
  7463 | D:8      | Killed an orange demon
  7486 | D:8      | Reached XP level 10. HP: 47/84 MP: 10/10
  7486 | D:8      | Reached **** piety under Trog
  7495 | D:8      | Noticed Maggie
  7509 | D:8      | Killed Maggie
  8101 | D:8      | Reached skill level 10 in Fighting
  8561 | D:8      | Noticed Psyche
  8567 | D:8      | Killed Psyche
  8749 | D:8      | Found a burning altar of Makhleb.
  9180 | D:7      | Bought +1 gold dragon scales for 1392 gold pieces
  9472 | D:9      | Found a radiant altar of Vehumet.
  9539 | D:9      | Found a hide-covered altar of Uskayaw.
  9559 | D:9      | Found a bloodstained altar of Trog.
  9735 | D:9      | Found a shadowy altar of Dithmenos.
  9836 | D:9      | Reached skill level 10 in Axes
  9877 | D:9      | Reached skill level 11 in Fighting
 10238 | D:10     | Entered Level 10 of the Dungeon
 10527 | D:10     | Noticed a sixfirhy
 10536 | D:10     | Noticed a soul eater
 10551 | D:10     | Gained mutation: When hurt, damage is shared between your
                  | health and your magic reserves. [demonic ancestry]
 10551 | D:10     | Reached XP level 11. HP: 44/93 MP: 7/11
 11347 | D:11     | Noticed a two-headed ogre
 11360 | D:11     | Killed a two-headed ogre
 11558 | D:11     | Noticed a two-headed ogre
 11571 | D:11     | Killed a two-headed ogre
 12137 | D:11     | Found Fykitaq's Assorted Antiques.
 12145 | D:11     | Bought a pair of embroidered gloves for 225 gold pieces
 12350 | D:11     | Reached skill level 12 in Fighting
 12355 | D:11     | Slain by a wyvern

Illustrated notes

Levels and vault maps discovered:
D:1:      lemuel_arrival_funnel, layout_basic, serial_glass, glass_columns_a,
          glass_columns_a, shapermc_ecumenical_altar_totnotflames,
          minmay_lizard_king
D:2:      layout_loops_corners, minmay_misc_feat_room, hex_large,
          minmay_worlds_worst_comb, uniq_natasha
D:3:      layout_loops_ring
D:4:      layout_basic, nicolae_sif_muna_condensation,
          mainiacjoe_overflow_six_doors_small
D:5:      layout_layer_cave, nicolae_overflow_hidden_temple,
          mainiacjoe_overflow_catwalk, temple_statues, serial_shops,
          nicolae_shop_crystal
D:6:      layout_rooms, nicolae_ru_the_path_less_chosen, serial_shops,
          nicolae_shop_waterfront, uniq_duvessa, uniq_prince_ribbit1
D:7:      layout_cave_pools, elyvilon_altar_4,
          nicolae_wu_jian_immortal_techniques, overflow_temple_1_default,
          nicolae_shop_dragon_depot
D:8:      layout_basic, lemuel_round_altar, serial_glass, glass_columns_c,
          glass_columns_a, uniq_maggie, uniq_psyche, uniq_pikel, uniq_amaemon
D:9:      layout_long_grid, trog_hazing_becter, vehumet_crystals,
          overflow_temple_1_default, marbit_many_paths,
          small_statue_intersection
D:10:     layout_basic
D:11:     layout_basic, erik_lair_dragon, serial_shops, nicolae_shop_statue_plus

Skill      XL: |  1  2  3  4  5  6  7  8  9 10 11 |
---------------+----------------------------------+-----
Axes           | 3 4 5 6 7 8 10 11 | 11.0
Armour         | 2 3 4 5 6 7 |  7.7
Fighting       | 4 5 6 8 9 11 12 | 12.0
Dodging        | |  1.7

Action                   |  1- 3 |  4- 6 |  7- 9 | 10-12 || total
-------------------------+-------+-------+-------+-------++-------
Melee: Hand axe          |   101 |   137 |   183 |   300 ||   721
       Kick              |     9 |    53 |    46 |    94 ||   202
       Punch             |     1 |     2 |     3 |     6 ||    12
       Flail             |       |     8 |       |       ||     8
Throw: Dart              |       |       |       |     6 ||     6
Invok: Berserk           |     2 |     3 |     2 |     5 ||    12
       Trog's Hand       |       |     1 |     2 |     2 ||     5
  Use: Scroll            |       |     4 |    10 |     3 ||    17
       Potion            |       |       |     1 |     1 ||     2
 Stab: Sleeping          |     2 |       |       |       ||     2
Armor: Animal skin       |    27 |       |       |       ||    27
       Plate armour      |     7 |   148 |   231 |    67 ||   453
       Gold dragon scale |       |       |       |   163 ||   163
Dodge: Dodged            |    53 |    45 |    82 |    37 ||   217

Table legend: (Time is in decaauts)
 A = Elapsed time spent in this place.
 B = Non-inter-level travel time spent in this place.
 C = Inter-level travel time spent in this place.
 D = Time resting spent in this place.
 E = Time spent auto-exploring this place.
 F = Levels seen in this place.
 G = Mean time per level.
                   A        B        C        D        E       F      G
               +--------+--------+--------+--------+--------+-----+--------+
         Total |  12458 |  11947 |    511 |   2089 |   8021 |  11 | 1132.5 |
       Dungeon |  12458 |  11947 |    511 |   2089 |   8021 |  11 | 1132.5 |
               +--------+--------+--------+--------+--------+-----+--------+

Top non-repeatable levels by time:
     D:8: 1960 daAuts
     D:1: 1492 daAuts
     D:2: 1291 daAuts
     D:7: 1233 daAuts
     D:5: 1169 daAuts
    D:10: 1081 daAuts
    D:11: 1020 daAuts
     D:3: 973 daAuts
     D:6: 779 daAuts
     D:9: 773 daAuts
     D:4: 682 daAuts
